Map: 16-Bit LE

Players

seiken - Winner!

  • Race: Protoss Protoss
  • League: Diamond
  • Spawn Location: 1:00

ILIEKEGGPIE

  • Race: Protoss Protoss
  • League: Platinum
  • Spawn Location: 7:00

VOD

Have the link to the VOD?

Description

Time

  • Played on: May 22, 2018, 7:33 p.m.
  • Length: 6:38
Show
View Real Time Build Order
Export as new Build Order

seiken Protoss - Winner!

Build Orders:  

Get SALT Encoding   

  1  0:00  Probe  
  13  0:07  Probe  
  14  0:20  Pylon  
  14  0:22  Probe  
  15  0:38  Probe  
  16  0:47  Gateway  
  16  0:50  Probe  
  17  1:02  Probe  
  18  1:06  Assimilator  
  18  1:11  Assimilator  
  18  1:14  Probe  
  19  1:27  Probe  
  20  1:36  Zealot  
  20  1:39  Probe  
  23  1:43  Cybernetics Core  
  23  3:38  Pylon  
  23  3:45  Probe  
  22  3:56  Zealot  
  22  3:57  Pylon, Probe  
  25  4:09  Probe  
  26  4:18  Gateway, Forge  
  26  4:21  Probe  
  26  4:23  Zealot  
  29  4:30  Shield Battery  
  29  4:32  Shield Battery  
  29  4:33  Probe  
  30  4:45  Probe  
  30  4:50  Zealot  
  33  5:03  Photon Cannon  
  33  5:09  Zealot  
  33  5:10  Photon Cannon  
  35  5:18  Zealot  
  37  5:22  Pylon  
  37  5:30  Photon Cannon  
  37  5:38  Photon Cannon  
  37  5:45  Zealot  
  37  5:47  Zealot  
  43  6:36  Nexus  
Show
View Real Time Build Order
Export as new Build Order

ILIEKEGGPIE Protoss 

Build Orders:  

Get SALT Encoding   

  12  0:00  Probe  
  13  0:13  Probe  
  14  0:22  Pylon  
  14  0:25  Probe  
  15  0:38  Probe  
  15  0:40  Forge  
  16  0:46  Probe  
  16  0:54  Probe  
  18  1:06  Probe  
  19  1:18  Probe  
  19  1:20  Pylon  
  19  1:21  Pylon  
  19  1:22  Pylon  
  20  1:25  Pylon  
  20  1:40  Photon Cannon  
  20  1:42  Photon Cannon  
  20  1:54  Pylon  
  20  2:03  Photon Cannon  
  20  2:27  Pylon  
  20  2:31  Photon Cannon  
  20  2:45  Probe  
  20  2:57  Probe, Pylon  
  21  3:00  Pylon  
  21  3:10  Probe  
  22  3:15  Photon Cannon  
  22  3:17  Photon Cannon  
  22  3:18  Pylon  
  22  3:29  Gateway  
  22  3:31  Gateway  
  22  3:47  Probe  
  22  3:53  Assimilator  
  22  3:55  Probe  
  23  3:58  Assimilator  
  23  4:02  Photon Cannon  
  24  4:13  Zealot  
  24  4:21  Zealot  
  28  4:42  Cybernetics Core  
  27  4:51  Zealot  
  27  4:57  Zealot  
  31  5:04  Probe  
  32  5:16  Probe  
  31  5:21  Stalker  
  31  5:28  Stalker  
  35  5:47  Stalker  
  27  6:16  Pylon  
  27  6:18  Pylon  
Tags
 
Matchup
PvP
Replay Pack
Multi
Spawn Locations
Cross Positions
Add a new tag
Caveats
  • Supply blocks, unpowered buildings, or Contaminate may cause inaccurate times.
  • Supply counts are checked every 10 seconds.